 Dungeon Crawl Stone Soup version 0.29-a0-121-g8efb068a30 (webtiles) character file.

Game seed: 6731712456217022988

307 drugrobin the Sneak (level 5, -3/41 HPs)
             Began as a Demigod Warper on Feb 20, 2022.
             Slain by a scorpion (5 damage)
             ... on level 3 of the Dungeon.
             The game lasted 00:15:28 (4148 turns).

drugrobin the Sneak (Demigod Warper)                Turns: 4148, Time: 00:15:28

Health: -3/41      AC:  4    Str: 16    XL:     5   Next: 94%
Magic:  12/12      EV: 11    Int: 15    God:
Gold:   111        SH:  0    Dex: 13    Spells: 3/9 levels left

rFire   . . .      SeeInvis .   y - staff of poison
rCold   . . .      Faith    .   (no shield)
rNeg    . . .      Spirit   .   b - +0 leather armour
rPois   +          Reflect  .   (no helmet)
rElec   .          Harm     .   s - +0 cloak
rCorr   .          Rampage  .   (no gloves)
Will    .....                   (no boots)
Stlth   ++........              (no amulet)
HPRegen 0.13/turn               (no ring)
MPRegen 0.13/turn               (no ring)

@: lethally poisoned (-3 -> -8), attractive
A: high MP 1, forlorn, divine attributes
a: no special abilities


You were on level 3 of the Dungeon.
You visited 1 branch of the dungeon, and saw 4 of its levels.

You collected 218 gold pieces.
You spent 107 gold pieces at shops.

Inventory:

Hand Weapons
 a - the +7 short sword of Interdependent Arising {drain, Int+4 Stlth+}
   (You found it on level 2 of the Dungeon)

   A truly terrible weapon, it drains the life of any living foe it strikes.
   Int:       It affects your intelligence (+4).
   Stlth:     It makes you more stealthy.
 c - a +0 rapier of protection
 k - a +0 spear
 l - a +2 dagger of holy wrath
Missiles
 d - 5 boomerangs of dispersal
 e - 9 poisoned darts
 f - 124 stones (quivered)
 q - 52 arrows
Armour
 b - a +0 leather armour (worn)
 s - a +0 cloak (worn)
 t - the +4 chain mail of Spite {rC+}
   (You took it off a hobgoblin on level 3 of the Dungeon)

   rC:        It protects you from cold.
Magical Staves
 y - a staff of poison (weapon)
Wands
 p - a wand of acid (4)
Scrolls
 g - 3 scrolls of magic mapping {unknown}
 i - 4 scrolls of identify {unknown}
 m - a scroll of teleportation {unknown}
 n - a scroll of amnesia {unknown}
 o - a scroll of fog {unknown}
 r - a scroll of fear {unknown}
 u - a scroll of blinking
 w - a scroll of enchant armour {unknown}
 x - a scroll of torment {unknown}
Potions
 h - a potion of flight {unknown}
 j - 2 potions of attraction


   Skills:
 - Level 1.7 Fighting
 + Level 2.1 Short Blades
 - Level 2.3 Polearms
 - Level 0.8 Throwing
 - Level 0.8 Armour
 - Level 1.7 Dodging
 * Level 4.0 Stealth
 + Level 2.7 Spellcasting
 - Level 3.2 Translocations


You had 3 spell levels left.
You knew the following spells:

 Your Spells              Type           Power      Damage    Failure   Level
a - Blink                 Tloc           22%        N/A       10%         2
b - Teleport Other        Tloc           11%        N/A       21%         3
c - Beastly Appendage     Tmut           4%         N/A       26%         1

Your spell library contained the following spells:

 Spells                   Type           Power      Damage    Failure   Level
 Gell's Gravitas          Tloc           11%        N/A       21%         3
 Lesser Beckoning         Tloc           11%        N/A       21%         3
 Ensorcelled Hibernation  Hex/Ice        4%         N/A       36%         2
 Wereblood                Tmut           2%         N/A       36%         2
 Dazzling Flash           Conj/Hex       4%         N/A       58%         3
 Spider Form              Tmut/Pois      3%         N/A       58%         3
 Passage of Golubria      Tloc           11%        N/A       54%         4
 Manifold Assault         Tloc           11%        N/A       88%         5
 Anguish                  Hex/Necr       1%         N/A       94%         4
 Agony                    Necr           2%         N/A       100%        5
 Silence                  Hex/Air        1%         N/A       100%        5
 Lehudib's Crystal Spear  Conj/Erth      1%         10d2      100%        8


Dungeon Overview and Level Annotations

Branches:
Dungeon (4/15)
 Temple: D:4-7

Shops:
D:3 (


Innate Abilities, Weirdness & Mutations

You have an increased reservoir of magic. (+10% MP)
You shall have no god before yourself.
Your divine heritage dramatically boosts your attributes as you level up.


Message History

You are poisoned.
The scorpion poisons you!
You climb upwards.
You feel very sick.
There is a stone staircase leading down here.
Unknown command.
Unknown command.
Casting: Beastly Appendage (safe; 19% risk of failure)
Confirm with . or Enter, or press ? or * to list all spells.
You blink.
You feel sick.
Unknown command.
y - a staff of poison (weapon)
You feel sick.
The goblin hits you with a +0 short sword.
Unknown command.
You feel sick.
You feel sick.
You feel sick.
You feel stable enough to blink again.
You feel sick.
You are no longer poisoned.
The scorpion closely misses you. The scorpion stings you!
* * * LOW HITPOINT WARNING * * *
Throw: throwing net
Press: ? - help, Shift-Dir - straight line, f - scorpion
Aim: a scorpion (56% to hit)
You throw a throwing net.
The throwing net completely misses the scorpion.
The throwing net hits the goblin.
The goblin is caught in the net!
The scorpion stings you!
* * * LOW HITPOINT WARNING * * *
You are lethally poisoned!
The scorpion poisons you!
The goblin struggles against the net.
Unknown command.
It was a potion of attraction.
You feel attractive to monsters.
* * * LOW HITPOINT WARNING * * *
You feel sick. The scorpion stings you.
You die...

(.............h..>#...#.#.#
#.#......##.#######...#.#.#
...<.........# #...#.#.#
..#.....###..# #...#.#.#
..#.....###..# #...#.#.#
..#...#......# #...#.#.#
.....#####...# #...#.#.#
#.##.#####...#######.##.#.#
#............hgs@.....#.#.#
####.######)..#########.#.#
............).# #.#.#
####.#....).#.# #.#.#
#.##.#.######.# #.#.#
#.##.#.# #.#########.#.#
#......# #...........#.#
#.##.####################.#
#.##...)..................#


You could see a scorpion, a hound and a goblin (caught).

Vanquished Creatures
  A scorpion (D:4)
  Terence (D:2)
  An orc wizard (D:4)
  7 gnolls (D:3)
  4 adders
  2 worms
  2 dart slugs
  7 orcs (D:4)
  7 bats
  9 endoplasms
  2 giant cockroaches
  8 hobgoblins
  4 quokkas
  6 ball pythons
  4 frilled lizards
  6 goblins
  10 kobolds
  6 rats
87 creatures vanquished.

Vanquished Creatures (others)
  10 plants (D:3)
10 creatures vanquished.

Grand Total: 97 creatures vanquished

Notes
Turn   | Place    | Note
-------+----------+-------------------------------------------
     0 | D:1      | drugrobin the Demigod Warper began the quest for the Orb.
     0 | D:1      | Reached XP level 1. HP: 17/17 MP: 5/5
   568 | D:1      | Reached skill level 1 in Stealth
   568 | D:1      | Reached XP level 2. HP: 21/24 MP: 7/7
   696 | D:1      | Learned a level 2 spell: Blink
  1227 | D:2      | Learned a level 1 spell: Beastly Appendage
  1421 | D:2      | Reached XP level 3. HP: 27/29 MP: 8/8
  1937 | D:2      | Identified the +7 short sword of Interdependent Arising
                  | {drain, Int+4 Stlth+}
  1992 | D:2      | Noticed Terence
  2000 | D:2      | Killed Terence
  2001 | D:2      | Reached skill level 2 in Stealth
  2326 | D:2      | Reached XP level 4. HP: 36/36 MP: 9/9
  2334 | D:2      | Learned a level 3 spell: Teleport Other
  2630 | D:3      | Reached skill level 1 in Short Blades
  2919 | D:3      | Reached skill level 3 in Stealth
  3071 | D:3      | Reached XP level 5. HP: 41/41 MP: 11/11
  3297 | D:3      | Identified the +4 chain mail of Spite {rC+}
  3359 | D:3      | Found Qeameime's Weapon Shop.
  3375 | D:3      | Bought a +0 rapier of protection for 74 gold pieces
  3375 | D:3      | Bought a throwing net for 33 gold pieces
  3966 | D:4      | Reached skill level 4 in Stealth
  4015 | D:4      | Noticed a centaur
  4148 | D:3      | HP: 2/41 [poisoned by a scorpion]
  4148 | D:3      | Slain by a scorpion

Illustrated notes

Levels and vault maps discovered:
D:1:      minmay_arrival_doors, layout_rooms, hellmonk_ecumenical_altar_zigzags,
          corexii_hall_statues_i, minmay_hexomino_p4
D:2:      layout_loops_corners, uniq_terence
D:3:      layout_basic, serial_shops, nicolae_shop_crystal, minivault_19,
          chequers_serial_rivers_room_b, nicolae_grassy_gnolls
D:4:      layout_loops_ring, minmay_temple_entry_arrows, minmay_manual_mares

Skill      XL: |  1  2  3  4  5 |
---------------+----------------+-----
Polearms       | 2 |  2.3
Stealth        | 1 2 3 4 |  4.0
Translocations | 3 |  3.2
Spellcasting   | 2 |  2.7
Short Blades   | 1 2 |  2.1
Fighting       | |  1.7
Throwing       | |  0.8
Armour         | |  0.8
Dodging        | |  1.7

Action                   |  1- 3 |  4- 6 || total
-------------------------+-------+-------++-------
Melee: Spear             |   128 |       ||   128
       Short sword       |    19 |    89 ||   108
       Punch             |     1 |     1 ||     2
       Kick              |       |     3 ||     3
       Headbutt          |       |     3 ||     3
Throw: Dart              |     5 |     5 ||    10
       Stone             |    54 |     4 ||    58
       Throwing net      |       |     1 ||     1
 Cast: Beastly Appendage |       |     5 ||     5
       Blink             |       |     1 ||     1
  Use: Potion            |       |     1 ||     1
 Stab: Sleeping          |     3 |     7 ||    10
Armor: Leather armour    |    29 |    10 ||    39
Dodge: Dodged            |    63 |    39 ||   102

Table legend: (Time is in decaauts)
 A = Elapsed time spent in this place.
 B = Non-inter-level travel time spent in this place.
 C = Inter-level travel time spent in this place.
 D = Time resting spent in this place.
 E = Time spent auto-exploring this place.
 F = Levels seen in this place.
 G = Mean time per level.
                   A        B        C        D        E       F      G
               +--------+--------+--------+--------+--------+-----+--------+
         Total |   4154 |   4017 |    137 |    374 |   2554 |   4 | 1038.5 |
       Dungeon |   4154 |   4017 |    137 |    374 |   2554 |   4 | 1038.5 |
               +--------+--------+--------+--------+--------+-----+--------+

Top non-repeatable levels by time:
     D:2: 1374 daAuts
     D:3: 1151 daAuts
     D:1: 1136 daAuts
     D:4: 492 daAuts
